 Dungeon Crawl Stone Soup version 0.27-a0-705-ga0013940fb (webtiles) character file.

Game seed: 8952423008179518199

25 jasper the Sneak (level 2, 0/24 HPs)
             Began as a Demonspawn Delver on Mar 22, 2021.
             Slain by a worm (7 damage)
             ... on level 2 of the Dungeon.
             The game lasted 00:02:17 (923 turns).

jasper the Sneak (Demonspawn Delver)                 Turns: 923, Time: 00:02:18

Health: 0/24       AC:  6    Str: 12    XL:     2   Next: 86%
Magic:  2/2        EV: 10    Int: 11    God:
Gold:   22         SH:  0    Dex: 16    Spells: 1/1 levels left

rFire    . . .     SeeInvis .   j - +0 war axe
rCold    . . .     Faith    .   (no shield)
rNeg     . . .     Spirit   .   k - +0 ring mail
rPois    .         Reflect  .   (no helmet)
rElec    .         Harm     .   (no cloak)
rCorr    .         Rampage  .   n - +0 pair of gloves
Will     .....                  (no boots)
Stlth    +++.......             (no amulet)
HPRegen  0.08/turn              (no ring)
MPRegen  0.08/turn              (no ring)

@: no status effects
A: thin skeletal structure 1
a: no special abilities


You were on level 2 of the Dungeon.
You visited 1 branch of the dungeon, and saw 4 of its levels.

You collected 22 gold pieces.

Inventory:

Hand Weapons
 a - a +0 hand axe
 j - a +0 war axe (weapon)
Missiles
 h - 5 stones (quivered)
 m - 22 sling bullets
Armour
 b - a +0 leather armour
 k - a +0 ring mail (worn)
 n - a +0 pair of gloves (worn)
 o - a +0 chain mail
Wands
 g - a wand of digging (1)
Scrolls
 c - a scroll of fog
 d - 2 scrolls of magic mapping
 e - a scroll of fear
 i - a scroll of enchant armour {unknown}
 l - a scroll of blinking {unknown}
Potions
 f - 2 potions of haste


   Skills:
 - Level 3.0 Fighting
 + Level 3.1 Axes
 - Level 1.7 Dodging
 - Level 4.5 Stealth


You had one spell level left.
You didn't know any spells.
Your spell library was empty.

Dungeon Overview and Level Annotations

Branches:
Dungeon (5/15)
 Temple: D:4-7

Altars:

Annotations:
D:4 Natasha


Innate Abilities, Weirdness & Mutations

You have a somewhat thin skeletal structure. (Dex +2, Stealth)


Message History

The worm bites you.
You take 2 damage, and have 16/24 hp.
You hit the worm.
The worm is heavily wounded.
You hit the worm.
The worm is severely wounded.
The worm bites you.
You take 4 damage, and have 13/24 hp.
You hit the worm.
The worm is severely wounded.
The worm bites you.
You take 3 damage, and have 10/24 hp.
You hit the worm but do no damage.
The worm is heavily wounded.
The worm bites you.
You take 1 damage, and have 9/24 hp.
You slash the worm!
The worm is almost dead.
The worm bites you.
* * * LOW HITPOINT WARNING * * *
You take 3 damage, and have 6/24 hp.
Throw: 7 stones
Press: ? - help, Q - select action Shift-Dir - straight line, f/p - worm
Aim: a worm (almost dead, 79% to hit)
You throw a stone.
The stone hits the worm but does no damage.
The worm is almost dead.
You hit the worm.
The worm is almost dead.
The worm closely misses you.
Throw: 6 stones
Press: ? - help, Q - select action Shift-Dir - straight line, f/p - worm
Aim: a worm (almost dead, 79% to hit)
You throw a stone.
The stone hits the worm but does no damage.
The worm is almost dead.
You hit the worm.
The worm is almost dead.
The worm bites you!
You die...

#.# .##.###.####.##
#...w...(...>.. #
#...(###.####.## .#.# #.#
#.# #.# #(# #.# #.#
#(####.### #.# #w##.....#
.######.### #@##.#.#.#
#.........# #.##(#.#.#
.######.#.# #.##<#.#.#
#.#.######.##.....#
#.#........##.###.#######
#.##########.## ##......#
#......# #..###.#####.#
#..###.# #.#.#.## #..#
#.# #.##.##


You could see a worm.

Vanquished Creatures
  2 worms (D:3)
  3 orcs (D:3)
  A ball python (D:3)
  A giant cockroach (D:3)
  A hobgoblin (D:3)
  4 oozes
  2 frilled lizards
  A goblin (D:3)
  A kobold (D:3)
16 creatures vanquished.

Notes
Turn   | Place    | Note
-------+----------+-------------------------------------------
     0 | D:5      | jasper the Demonspawn Delver began the quest for the Orb.
     0 | D:5      | Reached XP level 1. HP: 18/18 MP: 1/1
    50 | D:4      | Noticed Natasha
    63 | D:4      | Noticed an orc wizard
   243 | D:3      | Gained mutation: You have a somewhat thin skeletal
                  | structure. (Dex +2, Stealth) [demonic ancestry]
   243 | D:3      | Reached XP level 2. HP: 24/24 MP: 2/2
   923 | D:2      | Slain by a worm

Illustrated notes

Levels and vault maps discovered:
D:2:      layout_loops_ring, minmay_puff
D:3:      layout_loops_cross
D:4:      layout_rooms, serial_shops, shop, uniq_menkaure, uniq_natasha
D:5:      layout_rooms

Skill      XL: |  1  2 |
---------------+-------+-----
Axes           | 2 3 |  3.1
Fighting       | |  3.0
Dodging        | |  1.7
Stealth        | |  4.5

Action                   || total
-------------------------++-------
Melee: Hand axe          ||     1
       War axe           ||    27
Throw: Stone             ||     9
Evoke: Wand              ||    20
 Stab: Sleeping          ||     1
Armor: Ring mail         ||     3
       Leather armour    ||     1
Dodge: Dodged            ||    11

Table legend: (Time is in decaauts)
 A = Elapsed time spent in this place.
 B = Non-inter-level travel time spent in this place.
 C = Inter-level travel time spent in this place.
 D = Time resting spent in this place.
 E = Time spent auto-exploring this place.
 F = Levels seen in this place.
 G = Mean time per level.
                   A        B        C        D        E       F      G
               +--------+--------+--------+--------+--------+-----+--------+
         Total |    933 |    924 |      9 |    381 |    285 |   4 |  233.2 |
       Dungeon |    933 |    924 |      9 |    381 |    285 |   4 |  233.2 |
               +--------+--------+--------+--------+--------+-----+--------+

Top non-repeatable levels by time:
     D:3: 588 daAuts
     D:2: 274 daAuts
     D:5: 49 daAuts
     D:4: 20 daAuts
